Construct Infanterie Kompanie
Infanterie Officer Quarters
Construct Luftwaffe Kompanie
Flak 30 Anti-aircraft Gun Team
Selects Breakthrough Battlegroup
Selects Breakthrough Battlegroup
Selects Breakthrough Battlegroup
Selects Assault Grenadiers
Flak 30 Anti-aircraft Gun Team
Marder III M Tank Destroyer
Marder III M Tank Destroyer
Marder III M Tank Destroyer
Marder III M Tank Destroyer
Marder III M Tank Destroyer
Marder III M Tank Destroyer
Luftwaffe Officer Quarters
Selects Smoke Bombing Run
Selects Incendiary Bombing Run
Flak 30 Anti-aircraft Gun Team
Construct Panzergrenadier Kompanie
Marder III M Tank Destroyer
Marder III M Tank Destroyer